 Dungeon Crawl Stone Soup version 0.22-a0-772-gac08f70 (webtiles) character file.

19 corax the Skirmisher (level 2, 0/27 HPs)
             Began as a Minotaur Abyssal Knight on July 17, 2018.
             Was a Follower of Lugonu.
             Slain by a frilled lizard (3 damage)
             ... on level 2 of the Dungeon.
             The game lasted 00:01:12 (224 turns).

corax the Skirmisher (Minotaur Abyssal Knight)       Turns: 224, Time: 00:01:13

Health: 0/27       AC:  3    Str: 16    XL:     2   Next: 55%
Magic:  2/2        EV: 11    Int:  9    God:    Lugonu [*.....]
Gold:   0          SH:  0    Dex:  9    Spells: 1/1 levels left

rFire    . . .     SeeInvis .   a - +1 hand axe
rCold    . . .     Gourm    .   (no shield)
rNeg     . . .     Faith    .   b - +0 leather armour
rPois    .         Spirit   .   (helmet restricted)
rElec    .         Reflect  .   (no cloak)
rCorr    .         Harm     .   (no gloves)
MR       .....                  (no boots)
Stlth    +.........             (no amulet)
HPRegen  0.09/turn              d - ring of flight
MPRegen  0.08/turn              (no ring)

@: no status effects
A: retaliatory headbutt, horns 2
a: Depart the Abyss, Renounce Religion, Evoke Flight


You were on level 2 of the Dungeon.
You worshipped Lugonu.
Lugonu was aware of your devotion.
You were not hungry.

You visited 1 branch of the dungeon, and saw 2 of its levels.
You visited the Abyss 1 time.

Inventory:

Hand Weapons
 a - a +1 hand axe (weapon)
Armour
 b - a +0 leather armour (worn)
Jewellery
 d - a ring of flight (left hand)
Scrolls
 f - a scroll of blinking {unknown}
 g - a scroll of fear {unknown}
Potions
 e - a potion of heal wounds {unknown}
Comestibles
 c - 2 rations


   Skills:
 + Level 3.9 Fighting
 + Level 2.8 Axes
 + Level 2.7 Armour
 + Level 1.5 Dodging
 + Level 2.1 Invocations


You had one spell level left.
You didn't know any spells.
Your spell library was empty.

Dungeon Overview and Level Annotations

Branches:
Dungeon (1/15)

Altars:


Innate Abilities, Weirdness & Mutations

You reflexively headbutt those who attack you in melee.
You have a pair of horns on your head.


Message History

You kill the goblin!
Lugonu accepts your kill.
You closely miss the bat. You barely miss the hobgoblin.
The bat hits you but does no damage. x2; The hobgoblin closely misses you.
You furiously retaliate!
You headbutt the hobgoblin.
The frilled lizard hisses.
You hit the bat. Your headbutt misses the bat.
The bat is heavily wounded.
You closely miss the adder. You hit the hobgoblin.
The bat hits you but does no damage. The hobgoblin hits you.
* * * LOW HITPOINT WARNING * * *
The adder misses you. You furiously retaliate!
You headbutt the adder. The hobgoblin hits you.
* * * LOW HITPOINT WARNING * * *
You barely miss the adder.
The adder is lightly wounded.
You hit the frilled lizard. You hit the hobgoblin but do no damage.
The adder bites you but does no damage. The bat misses you.
The frilled lizard bites you.
You die...

#...........# .
####...........####.###
..................#....
........†........$.....
.........†.............
.......†...............
............##.........
............###lg......
.....######## #@b##..##
..... #S## #... .....
#.# #.. .... ... .. ###
... #..#. #..#. #....#


You could see an adder, a hobgoblin, a bat and a frilled lizard.

Vanquished Creatures
  An adder (D:2)
  2 bats
  A giant cockroach (D:1)
  A goblin (D:2)
  A hobgoblin (D:1)
  A quokka (D:2)
  A ball python (D:2)
  A frilled lizard (D:1)
  A kobold (D:1)
10 creatures vanquished.

Notes
Turn   | Place    | Note
-------+----------+-------------------------------------------
     0 | Abyss:1  | corax the Minotaur Abyssal Knight began the quest for the Orb.
     0 | Abyss:1  | Reached XP level 1. HP: 19/19 MP: 1/1
    12 | D:1      | Escaped the Abyss
   182 | D:1      | You fall through a shaft!
   189 | D:2      | Reached XP level 2. HP: 15/27 MP: 2/2
   224 | D:2      | Slain by a frilled lizard

Vault maps used:
D:1:      tarquinn_simple_flora_water_a
D:2:      first_ration, roderic_lattice_a, palyth_stone_intersect

Skill      XL: |  1 |
---------------+----+-----
Invocations    | 2 |  2.1
Fighting       | |  3.9
Axes           | |  2.8
Armour         | |  2.7
Dodging        | |  1.5

Action                   || total
-------------------------++-------
Melee: Hand axe          ||    28
       Headbutt          ||     4
Armor: Leather armour    ||    14
Dodge: Dodged            ||    31

Table legend:
 A = Spawn XP
 B = Non-spawn XP
 C = Spawn XP percentage of total XP
 D = Spawn monster count
 E = Non-spawn monster count
 F = Spawn count percentage of total count
 G = Total turns spent on level
                    A         B        C        D         E        F      G
               +---------+---------+-------+---------+---------+-------+---------
         Total |       0 |      28 |   0.0 |       0 |      10 |   0.0 |   224
               +---------+---------+-------+---------+---------+-------+---------
           D:1 |       0 |       8 |   0.0 |       0 |       5 |   0.0 |   170
           D:2 |       0 |      20 |   0.0 |       0 |       5 |   0.0 |    42
               +---------+---------+-------+---------+---------+-------+---------
